General information
- name: Local Game (DJOrwell)
- type: Custom game
- host: DJOrwell
- saver: DJOrwell
map: GlacialThaw
- players: 3
- length: 25:30
- speed: Fast
- version: 1.26 W3XP
- replay type: Public
» download(121 KB)
Players
team 1 (winner)

»
DJOrwell (
red | 49 APM | 1243 actions | 25:30)
6 Priestess of the Moon
3 Searing Arrows
3 Trueshot Aura
4 Keeper of the Grove
2 Entangling Roots
2 Thorns Aura
3 Demon Hunter
2 Evasion
1 Immolation
» actions
| Assign group hotkey | 25 | |
| Build / train | 110 | |
| Enter build submenu | 17 | |
| Enter hero's abilities submenu | 14 | |
| Remove unit from queue | 8 | |
| Right click | 681 | |
| Select / deselect | 280 | |
| Select group hotkey | 75 | |
| Use ability | 33 | |
1243 total
» units
| Wisp | 17 | |
| Archer | 23 | |
| Huntress | 11 | |
| Magnataur Warrior | 1 | |
| Hippogryph | 10 | |
62 total
» upgrades
| Strength of the Moon | 3 | |
| Strength of the Wild | 3 | |
| Moon Armor | 3 | |
| Reinforced Hides | 3 | |
| Improved Bows | 1 | |
| Marksmanship | 1 | |
| Sentinel | 1 | |
| Upgrade Moon Glaive | 1 | |
| Well Spring | 1 | |
| Ultravision | 1 | |
| Hippogryph Taming | 1 | |
19 total
» buildings
| Ancient of War | 1 | |
| Altar of Elders | 1 | |
| Moon Well | 7 | |
| Tree of Ages | 1 | |
| Hunter's Hall | 1 | |
| Ancient of Wonders | 1 | |
| Tree of Eternity | 1 | |
| Tree of Life | 1 | |
| Ancient of Wind | 1 | |
15 total
» build order
00:22 Ancient of War
00:37 Altar of Elders
01:17 Moon Well
01:30 Moon Well
02:09 Moon Well
02:32 Moon Well
03:21 Moon Well
03:31 Moon Well
04:13 Tree of Ages
04:37 Hunter's Hall
06:11 Ancient of Wonders
06:39 Tree of Eternity
13:09 Tree of Life
17:30 Ancient of Wind
23:16 Moon Well
» items
| Scroll of Town Portal | 2 | |
| Potion of Healing | 1 | |
3 total
team 2 (loser)
Anttichama (
blue | 19 APM | 481 actions | 25:25)
5 Priestess of the Moon
2 Trueshot Aura
3 Searing Arrows
» actions
| Assign group hotkey | 8 | |
| Basic commands | 67 | |
| Build / train | 103 | |
| Enter build submenu | 18 | |
| Enter hero's abilities submenu | 5 | |
| Remove unit from queue | 3 | |
| Right click | 56 | |
| Select / deselect | 183 | |
| Select group hotkey | 16 | |
| Use ability | 22 | |
481 total
» units
» upgrades
| Strength of the Moon | 3 | |
| Moon Armor | 2 | |
| Improved Bows | 1 | |
| Ultravision | 1 | |
| Upgrade Moon Glaive | 1 | |
| Marksmanship | 1 | |
9 total
» buildings
| Moon Well | 5 | |
| Altar of Elders | 1 | |
| Ancient of War | 3 | |
| Tree of Ages | 2 | |
| Hunter's Hall | 1 | |
| Tree of Eternity | 1 | |
| Tree of Life | 1 | |
14 total
» build order
00:44 Moon Well
00:59 Altar of Elders
01:33 Moon Well
01:48 Ancient of War
02:38 Moon Well
03:41 Ancient of War
04:00 Tree of Ages
05:01 Hunter's Hall
08:02 Moon Well
08:25 Moon Well
08:43 Tree of Eternity
14:38 Tree of Life
20:30 Ancient of War
22:37 Tree of Ages
observersHAL9001 Chat log
(00:12 / All) DJOrwell: aaaaaaaaah warcraft 3 finally
(01:43 / All) DJOrwell: holy crap this right mouse button occasionally doubleclicks on a single press
(01:46 / All) DJOrwell: best RTS mouse ever!!!
(02:04 / All) Anttichama: IMAGINE THE APM WITH THAT
(02:54 / All) DJOrwell: I wonder what is the Optimal Lumber Count for night elf
(05:38 / All) DJOrwell: crap I gotta pee
(05:42 / All) DJOrwell: BETTER FINISH THIS QUICKLY THEN :D
(05:48 / All) DJOrwell: MY APM IS FUELED BY MY BLADDER
(07:00 / All) DJOrwell: protip: F1-F3 select your heroes
(07:09 / All) DJOrwell: this is seriously important
(07:46 / All) DJOrwell: also retard kiting is a legitimate, and highly effective, strategy
(12:09 / All) DJOrwell: HACKS HACKS HACKS HACKS HACKS
(12:21 / All) Anttichama: lol
(13:31 / All) DJOrwell: brb exploding bladder
(13:35 / All) Anttichama: yeah
(21:00 / All) DJOrwell: I HAVE REINFORCEMENTS BITCH
(22:03 / All) Anttichama: It's actually viable to use more than one hero?
(22:07 / All) DJOrwell: yes
(22:09 / All) DJOrwell: extremely so
(22:11 / All) DJOrwell: three is the cap
(23:56 / All) DJOrwell: please gg
(24:08 / All) Anttichama: just a moment
(24:46 / All) DJOrwell: your altar is dead
(24:54 / All) DJOrwell: your base is fucked
(24:56 / All) DJOrwell: please gg
(25:02 / All) DJOrwell: so me and HAL can play
(25:17 / All) DJOrwell: you are wasting time